 Dungeon Crawl Stone Soup version 0.30-a0-883-g5ad918d77d (webtiles) character file.

Game seed: 9501756706962590181

504 Sanktem7 the Chopper (level 6, 0/56 HPs)
             Began as a Minotaur Fighter on Mar 16, 2023.
             Slain by Edmund
             ... wielding a +4 flail of holy wrath
              (6 damage)
             ... on level 4 of the Dungeon.
             The game lasted 00:03:34 (2779 turns).

Sanktem7 the Chopper (Minotaur Fighter)             Turns: 2779, Time: 00:03:35

Health: 0/56       AC: 10    Str: 29    XL:     6   Next: 96%
Magic:  5/5        EV:  8    Int:  5    God:
Gold:   212        SH: 10    Dex: 15    Spells: 5/5 levels left

rFire   . . .      SeeInvis .    a - +0 war axe {axe}
rCold   . . .      Faith    .    r - +0 kite shield
rNeg    . . .      Spirit   .    b - +0 scale mail
rPois   .          Reflect  .    (helmet restricted)
rElec   .          Rampage  .    g - +2 cloak
rCorr   .                        (no gloves)
Will    .....                    (no boots) Stlth
                                 (no amulet)
HPRegen 0.29/turn                j - +6 ring of dexterity
MPRegen 0.09/turn                p - +6 ring of strength

@: no status effects
A: horns 2, retaliatory headbutt
a: no special abilities


You were on level 4 of the Dungeon.
You visited 1 branch of the dungeon, and saw 6 of its levels.

You collected 212 gold pieces.


Innate Abilities, Weirdness & Mutations

You have a pair of horns on your head.
You reflexively headbutt those who attack you in melee.


   Skills:
 + Level 5.3 Fighting
 * Level 6.0 Axes
 + Level 5.2 Armour
 + Level 5.3 Shields


You had 5 spell levels left.
You didn't know any spells.
Your spell library contained the following spells:

 Spells                   Type           Power      Damage    Failure   Level
 Frozen Ramparts          Ice            0%         1d1       100%        3
 Ice Form                 Ice/Tmut       0%         N/A       100%        4
 Summon Ice Beast         Ice/Summ       0%         N/A       100%        4

Inventory:

Hand Weapons
 a - a +0 war axe (weapon) {axe}
 s - a +1 flail of draining {mace}
   (You took it off an orc on level 6 of the Dungeon)
Missiles
 f - 50 stones (quivered) {throwing}
 m - 6 boomerangs {throwing}
 n - 10 poisoned darts {throwing}
Armour
 b - a +0 scale mail (worn)
 g - a +2 cloak (worn)
   (You found it on level 1 of the Dungeon)
 r - a +0 kite shield (worn)
   (You found it on level 2 of the Dungeon)
Jewellery
 j - a +6 ring of dexterity (left hand)
   (You found it on level 1 of the Dungeon)
 p - a +6 ring of strength (right hand)
   (You found it on level 2 of the Dungeon)
Scrolls
 e - 2 scrolls of magic mapping {unknown}
 k - 2 scrolls of poison {unknown}
 l - 7 scrolls of identify {unknown}
 q - 2 scrolls of teleportation {unknown}
 t - 3 scrolls of amnesia {unknown}
 w - a scroll of enchant weapon {unknown}
 y - a scroll of blinking {unknown}
 z - a scroll of immolation {unknown}
Potions
 c - a potion of invisibility {unknown}
 d - a potion of might
 h - a potion of lignification {unknown}
 i - 2 potions of curing {unknown}
 o - a potion of flight {unknown}
 u - 2 potions of cancellation {unknown}
 v - 2 potions of haste {unknown}
 x - a potion of resistance {unknown}

Dungeon Overview and Level Annotations

Branches:
Dungeon (6/15) Zot: 26223
 Temple: D:4-7

Altars:
Dithmenos
Kikubaaqudgha

Annotations:
D:4 Edmund

#### ##
##.... .#
......### .#
#......#
###.#
#ยง###...#
#.......#
#.###o@.....#
#...W@)###.##
###.##.# #.#
# #.# #.# #.#
#.#
#######.###.#
............#
#######.##..#
#.##..#
#.##..#


You could see Edmund, a phantom and an orc.


Message History

You slash the adder!
You kill the adder!
Your Axes skill increases to level 6!
No target in view!
No target in view!
No target in view!
No target in view!
Found a shadowy altar of Dithmenos.
f - 42 stones {throwing} (gained 2)
Found a stone staircase leading down.
Found a stone staircase leading up.
No target in view!
f - 44 stones {throwing} (gained 2)
f - 50 stones {throwing} (gained 6)
A dart slug comes into view.
A dart slug is nearby!
A dart slug is nearby!
The dart slug launches a dart at you.
The slug dart hits you but does no damage.
The dart slug launches a dart at you. You block the slug dart.
You block the dart slug's attack.
You slash the dart slug!
You kill the dart slug!
No target in view!
No target in view!
No target in view!
No target in view!
Edmund the Younger comes into view.
He is wielding a +4 flail of holy wrath and carrying a wand of roots (15).
Edmund shouts!
A phantom comes into view.
A kobold comes into view. It is wielding a +0 dagger.
Edmund zaps a wand.
The roots erupt in riotous growth!
The grasping roots grab you!
Edmund is unaffected.
The grasping roots constrict you.
The kobold shouts!
You hear a shout! x2 ๐Ÿ˜• HP[-1]
You take 1 damage, and now have 55/56 hp.
You slash Edmund! Edmund hits you but does no damage.
The grasping roots constrict you. ๐Ÿ˜• HP[-4]
You take 4 damage, and now have 51/56 hp.
You hit Edmund. You hit the phantom. The phantom barely misses you.
You block Edmund's attack. The grasping roots constrict you.
The phantom hits you but does no damage.
You block Edmund's attack. The grasping roots constrict you.
The grasping roots release their grip on you. ๐Ÿ˜• HP[-6]
You take 6 damage, and now have 45/56 hp.
You hit Edmund but do no damage. You headbutt Edmund!
You closely miss the phantom.
The phantom hits you but does no damage.
Edmund zaps a wand.
The roots erupt in riotous growth!
The grasping roots grab you!
The phantom is unaffected.
The kobold is unaffected.
Edmund is unaffected.
The grasping roots constrict you.
You hear a shout! x2 ๐Ÿ˜ฎ HP[-5]
You take 5 damage, and now have 40/56 hp.
You slash Edmund! You closely miss the phantom. You hit the kobold.
The phantom hits you but does no damage.
The kobold hits you with a +0 dagger.
Edmund hits you with a +4 flail of holy wrath!
The grasping roots constrict you.
* * * LOW HITPOINT WARNING * * *
The grasping roots release their grip on you. ๐Ÿ˜จ HP[-12]
You take 12 damage, and now have 28/56 hp.
MASSIVE DAMAGE!! (PAUSE)
You hit Edmund. You closely miss the phantom. You hit the kobold.
You kill the kobold!
The phantom hits you.
* * * LOW HITPOINT WARNING * * *
The phantom blinks!
You blink.
Edmund drinks a potion.
Edmund is healed!
An orc comes into view. It is wielding a +0 club.
The phantom hits you.
* * * LOW HITPOINT WARNING * * *
๐Ÿ˜จ HP[-8]
You take 8 damage, and now have 20/56 hp.
You slash the phantom! You hit Edmund. The phantom barely misses you.
Edmund hits you with a +4 flail of holy wrath!
* * * LOW HITPOINT WARNING * * *
๐Ÿ˜ฑ HP[-9]
You take 9 damage, and now have 11/56 hp.
You hit the phantom. You barely miss Edmund. The phantom hits you.
* * * LOW HITPOINT WARNING * * *
The phantom blinks!
You blink.
The orc hits you but does no damage. ๐Ÿ˜ฑ HP[-5]
You take 5 damage, and now have 6/56 hp.
Edmund attacks as you move away!
Edmund hits you with a +4 flail of holy wrath.
You die...

Skill      XL: |  1  2  3  4  5  6 |
---------------+-------------------+-----
Axes           | 3 4 5 6 |  6.0
Shields        | 4 5 |  5.3
Armour         | 4 5 |  5.2
Fighting       | 4 5 |  5.3

Action                     |  1- 3 |  4- 6 || total
---------------------------+-------+-------++-------
  Melee: War axe           |    64 |   100 ||   164
         Headbutt          |    10 |    11 ||    21
 Armour: Scale mail        |    36 |    78 ||   114
  Dodge: Dodged            |    22 |    39 ||    61
  Block: Buckler           |    16 |     6 ||    22
         Kite shield       |       |    39 ||    39

Levels and vault maps discovered:
D:1:      dpeg_arrival_tiny_e, layout_basic, basic_ecumenical_altar,
          glass_columns_a, minmay_tetromino_t4
D:2:      layout_basic, grunt_ministairs_12, minmay_misc_feat_tiny,
          corexii_corridor_pit, columned_hall_lemuel, small_statue_intersection,
          nicolae_underground_beach
D:3:      layout_rooms, mainiacjoe_overflow_alcove_4, grunt_decor_cap,
          nicolae_figureground_pulse
D:4:      layout_loops_ring, nicolae_dithmenos_through_a_glass_darkly,
          nicolae_qazlal_eye_of_the_storm, uniq_edmund, uniq_crazy_yiuf_cottage,
          uniq_grinder
D:5:      layout_loops_ring, uniq_pikel
D:6:      layout_loops_ring, ebering_ghost_disaster_area

Notes
Turn   | Place    | Note
-------+----------+-------------------------------------------
     0 | D:1      | Sanktem7 the Minotaur Fighter began the quest for the Orb.
     0 | D:1      | Reached XP level 1. HP: 19/19 MP: 0/0
     0 | D:1      | magus.rc [v1.9.6]
   290 | D:1      | Reached XP level 2. HP: 27/27 MP: 1/1
   398 | D:1      | Reached skill level 3 in Axes
   523 | D:1      | Found a faded altar of an unknown god.
   815 | D:2      | Reached skill level 4 in Shields
   858 | D:2      | Reached skill level 4 in Armour
   858 | D:2      | Reached XP level 3. HP: 33/33 MP: 2/2
   875 | D:2      | Reached skill level 4 in Fighting
  1305 | D:2      | Reached XP level 4. HP: 40/40 MP: 3/3
  1801 | D:3      | You fall into a shaft and drop 3 floors!
  1823 | D:6      | Noticed a black bear
  1823 | D:6      | Noticed a scorpion
  1829 | D:6      | Killed a black bear
  1830 | D:6      | Reached skill level 4 in Axes
  1830 | D:6      | Reached XP level 5. HP: 40/47 MP: 4/4
  1838 | D:6      | Reached skill level 5 in Axes
  1842 | D:6      | Reached XP level 6. HP: 47/55 MP: 5/5
  1853 | D:6      | Reached skill level 5 in Shields
  1985 | D:6      | Reached skill level 5 in Fighting
  2003 | D:5      | Entered Level 5 of the Dungeon
  2013 | D:5      | Noticed a water moccasin
  2036 | D:4      | Reached skill level 5 in Armour
  2454 | D:3      | Found an ancient bone altar of Kikubaaqudgha.
  2506 | D:3      | You pick up a book of Rime and begin reading...
  2506 | D:3      | You add the spells Frozen Ramparts, Ice Form and Summon Ice
                  | Beast to your library.
  2673 | D:4      | Reached skill level 6 in Axes
  2675 | D:4      | Found a shadowy altar of Dithmenos.
  2768 | D:4      | Noticed Edmund
  2777 | D:4      | HP: 11/56 [Edmund/+4 flail of holy wrath (10)]
  2779 | D:4      | Slain by Edmund

Vanquished Creatures
  2 black bears
  A scorpion (D:6)
  2 jellies
  A hound (D:6)
  2 orc wizards
  6 adders
  A worm (D:2)
  5 dart slugs
  8 orcs
  3 endoplasms
  2 giant cockroaches
  6 goblins
  7 hobgoblins
  7 jackals (D:2)
  4 quokkas
  2 ball pythons
  3 bats (D:2)
  3 frilled lizards
  3 kobolds
  3 rats
71 creatures vanquished.

Table legend:
 A = Non-vault XP
 B = Vault XP
 C = Vault XP percentage of total XP
 D = Non-vault monster count
 E = Vault monster count
 F = Vault count percentage of total count
                 A         B        C        D         E       F
            +---------+---------+-------+---------+---------+-------
      Total |     710 |      10 |   1.4 |      66 |       5 |   7.0
            +---------+---------+-------+---------+---------+-------
        D:1 |      19 |       5 |  20.8 |       9 |       3 |  25.0
        D:2 |      92 |       5 |   5.2 |      28 |       2 |   6.7
        D:3 |      82 |       0 |   0.0 |      13 |       0 |   0.0
        D:4 |     188 |       0 |   0.0 |       7 |       0 |   0.0
        D:6 |     329 |       0 |   0.0 |       9 |       0 |   0.0
            +---------+---------+-------+---------+---------+-------

Illustrated notes

Table legend:
 A = Kills in this place as a percentage of kills in the entire game.
 B = Kills by you in this place as a percentage of kills by you in the entire game.
 C = Kills by friends in this place as a percentage of kills by friends in the entire game.
 D = Other kills in this place as a percentage of other kills in the entire game.
 E = Experience gained in this place as a percentage of experience gained in the entire game.
 F = Experience gained in this place divided by the number of levels of this place that you have seen.
                   A       B       C       D       E      F
               +-------+-------+-------+-------+-------+----------------------
         Total | 100.0 | 100.0 |   N/A |   N/A | 100.0 | 120.0
       Dungeon | 100.0 | 100.0 |   N/A |   N/A | 100.0 | 120.0
               +-------+-------+-------+-------+-------+----------------------

Table legend: (Time is in decaauts)
 A = Elapsed time spent in this place.
 B = Non-inter-level travel time spent in this place.
 C = Inter-level travel time spent in this place.
 D = Time resting spent in this place.
 E = Time spent auto-exploring this place.
 F = Levels seen in this place.
 G = Mean time per level.
                   A        B        C        D        E       F      G
               +--------+--------+--------+--------+--------+-----+--------+
         Total |   2840 |   2732 |    108 |      0 |   2213 |   6 |  473.3 |
       Dungeon |   2840 |   2732 |    108 |      0 |   2213 |   6 |  473.3 |
               +--------+--------+--------+--------+--------+-----+--------+

Top non-repeatable levels by time:
     D:2: 1100 daAuts
     D:1: 685 daAuts
     D:3: 670 daAuts
     D:6: 212 daAuts
     D:4: 157 daAuts
     D:5: 14 daAuts
